Map: Acid Plant LE

Players

TRUE - Winner!

  • Race: Zerg Zerg
  • Spawn Location: 5:00

Bioice

  • Race: Zerg Zerg
  • Spawn Location: 11:00

Event: WCS Austin 2018

VOD

Have the link to the VOD?

Description

Time

  • Played on: June 1, 2018, 5:41 p.m.
  • Length: 5:37

All games in this series

Show
View Real Time Build Order
Export as new Build Order

TRUE Zerg - Winner!

Build Orders: Hatch First 

Get SALT Encoding   

  12  0:00  Drone  
  13  0:12  Overlord  
  13  0:16  Drone  
  14  0:30  Drone  
  14  0:32  Drone  
  14  0:34  Drone  
  17  0:53  Hatchery  
  17  0:54  Drone  
  17  0:58  Extractor  
  17  1:03  Drone  
  17  1:14  Spawning Pool  
  17  1:17  Drone  
  17  1:20  Drone  
  18  1:27  Drone  
  19  1:39  Overlord  
  19  1:49  Drone  
  20  2:00  Drone, Queen  
  23  2:01  Metabolic Boost  
  23  2:05  Queen  
  25  2:10  Drone  
  25  2:12  Drone  
  27  2:17  Drone  
  27  2:21  Drone  
  29  2:27  Drone  
  30  2:32  Zergling x2  
  31  2:38  Zergling x2  
  31  2:43  Hatchery  
  31  2:50  Queen  
  33  2:58  Baneling Nest  
  32  3:09  Overlord, Queen  
  34  3:18  Zergling x4  
  36  3:27  Queen  
  36  3:29  Zergling x10  
  36  3:30  Zergling x2  
  44  3:43  Baneling x2  
  44  3:49  Overlord  
  44  3:53  Overlord  
  44  3:58  Drone  
  44  3:59  Drone x5  
  50  4:08  Zergling x2  
  50  4:09  Zergling x4  
  52  4:15  Zergling x6  
  56  4:17  Zergling x2  
  56  4:21  Baneling x2  
  56  4:25  Zergling x6  
  56  4:26  Zergling x2  
  56  4:27  Zergling x2  
  56  4:28  Zergling x4  
  56  4:30  Zergling x2  
  64  4:33  Baneling x2  
  62  4:40  Zergling x8  
  62  4:44  Overlord, Zergling x2  
  55  4:53  Overlord  
  55  4:54  Drone x3  
  55  4:56  Drone  
  55  4:57  Drone  
  60  5:00  Drone  
  60  5:01  Drone  
  62  5:11  Drone x2  
  62  5:12  Drone x3  
  62  5:13  Drone  
  66  5:23  Drone  
  66  5:24  Drone x2  
Show
View Real Time Build Order
Export as new Build Order

Bioice Zerg 

Build Orders: Hatch First 

Get SALT Encoding   

  12  0:00  Drone  
  13  0:13  Overlord  
  13  0:17  Drone  
  14  0:31  Drone x2  
  16  0:48  Hatchery  
  15  0:52  Drone  
  15  0:56  Drone  
  17  0:59  Drone  
  18  1:07  Extractor  
  17  1:14  Spawning Pool  
  17  1:17  Drone  
  17  1:23  Drone  
  18  1:30  Drone  
  19  1:41  Drone  
  20  1:51  Overlord  
  20  2:01  Queen x2  
  20  2:02  Zergling x4  
  20  2:07  Metabolic Boost  
  26  2:17  Drone x2  
  28  2:28  Drone x2  
  30  2:36  Drone  
  32  2:37  Drone  
  32  2:45  Hatchery  
  32  2:48  Overlord  
  31  2:52  Zergling x2  
  31  2:55  Zergling x2  
  31  2:56  Drone  
  34  3:10  Zergling x2  
  34  3:11  Zergling x12  
  41  3:16  Overlord  
  41  3:27  Baneling Nest  
  41  3:31  Overlord  
  40  3:35  Drone x3  
  40  3:40  Drone  
  44  3:50  Overlord  
  44  3:56  Drone x4  
  44  3:57  Drone x2  
  44  4:01  Queen  
  52  4:05  Zergling x4  
  52  4:06  Zergling x2  
  54  4:11  Baneling x4  
  54  4:13  Drone  
  54  4:15  Drone  
  56  4:18  Overlord  
  56  4:23  Drone  
  57  4:29  Baneling x2  
  57  4:44  Zergling x2  
  52  4:47  Queen  
  52  4:50  Zergling x2  
  52  4:51  Roach Warren, Extractor x2  
  46  4:55  Zergling x8  
  46  4:57  Drone x6  
  46  4:59  Evolution Chamber  
  55  5:04  Drone x5  
  55  5:06  Baneling x2  
  60  5:07  Baneling  
  60  5:08  Baneling  
  58  5:18  Zergling x4  
  58  5:19  Zergling x2  
Tags
 
Add a new tag
Caveats
  • Supply blocks, unpowered buildings, or Contaminate may cause inaccurate times.
  • Supply counts are checked every 10 seconds.